Hoshi, lawful female human Samurai ------- |.....| -------------------------------- |......##########|......(.......................| ------- |.....| #..------|--------------..-----.| ###......| |...<.| |.|....|..|...|....|..-..|...|.| |.....| -.----- ..|....|..|...|....|..|.(-...|.| #-.....| ## |.--|-----|...||------|..|...|.| #|.....| # |......|..|...|.|.(|..|.-----|.| #|.....| ### ########..----.|..|-|--.|..|..|.|....|.| #------- --------.-- # |.|..-.-|--..%..-|-|..|.|..!.|.| ## |....`....|### |.|..|.............-|--.-....|.| # |.........-# |.|----|--.----|--%.....|....|.-# # |.........| |.|.(|...|.-..|..|--|--------|.|# # |..>......-##########|.|((|...|.|..|..|.@@'|#.|%..-.|# # |.........| #|.|..|...|.---|[.|)...|..|.].|.|######### # |.........| #|.-|------..{.---------|------.|### ----|-----# ----------- #|......(...........(...........| # |........-# #-------------------------------- ##.........| ################################## ---------- Hoshi the Kunoichi Experience level: 7 Strength: 17 Dexterity: 16 Constitution: 18 Intelligence: 8 Wisdom: 9 Charisma: 7 Health: 0(87) Energy: 11(11) Def: 12 Gold: 135 Moves: 5599 Dungeon seed: EnjzlSq8f-tpB9Nu Game ID: Hoshi_1622663963 Your Inventory: Coins $ - 135 gold pieces Weapons a - an uncursed corroded +1 katana (weapon in hand) b - an uncursed corroded +0 wakizashi c - an uncursed burnt +0 yumi (alternate weapon; not wielded) q - 8 uncursed +0 elven arrows A - an uncursed +0 long sword F - an uncursed +0 ya (in quiver) Armor z - an uncursed +0 large shield (being worn) U - an uncursed +0 dwarvish iron helm of shock immunity (being worn) V - an uncursed +0 pair of iron shoes (being worn) Y - an uncursed +0 banded mail (being worn) Comestibles i - an uncursed tin of female newt meat k - an uncursed tin of gray ooze R - 2 uncursed tins of female kobold meat Scrolls H - an uncursed scroll of summoning M - 4 uncursed scrolls of blank paper Potions G - an uncursed potion of paralysis T - an uncursed potion of sickness Rings d - an uncursed ring of shock immunity (on left hand) Wands l - an uncursed wand of sleep (0:0) Z - an uncursed wand of sleep (0:0) Tools f - an uncursed oil lamp (0:0) p - an uncursed +0 pick-axe s - an uncursed wax candle (0:400) v - a blessed partly used wax candle (0:80) D - an uncursed osaku E - an uncursed tin whistle I - an uncursed tin whistle L - an uncursed tin whistle Q - an uncursed skeleton key X - 6 uncursed tallow candles (0:200) Gems e - an uncursed ruby n - an uncursed worthless piece of yellow glass r - 2 uncursed worthless pieces of blue glass w - an uncursed worthless piece of black glass x - 2 uncursed worthless pieces of violet glass y - an uncursed worthless piece of white glass N - 2 uncursed worthless pieces of orange glass Spells and supernatural/magical abilities: Name Level Category Cost Memory W - pray for help -- divine ? -- Your skills at the end: Fighting Skills martial arts [Basic] wands [Basic] Weapon Skills short sword [Basic] long sword [Basic] bow [Expert] Spellcasting Skills Final Attributes: You were piously aligned. You were immune to electricity. You could teleport. You were fast. You last prayed 547 turns ago. Amaterasu Omikami was noncommittal. You are dead. Vanquished creatures: an ochre jelly a quivering blob a leprechaun a black light a vampire bat 3 gnome kings a dwarf mummy a jaguar a blue jelly a dust vortex a human zombie an imp a water nymph a pony 10 gnome lords 3 gnomish wizards a golden naga hatchling an elf zombie a paper golem 4 little dogs a floating eye 6 dwarves 4 kobold shamans a centipede a giant bat 5 monkeys an orc zombie 3 dwarf zombies a werejackal an iguana 4 manes a giant rat a brown mold a green mold a red mold 49 gnomes 2 gnome zombies a gecko 4 jackals 2 kobolds 3 goblins a sewer rat 3 grid bugs 3 bats 2 lichens 2 kobold zombies 8 newts 148 creatures vanquished. Voluntary challenges: You had been an atheist until turn 1974. You used a wielded weapon 106 times, starting on turn 106. You read items or engraved 5 times, starting on turn 1246. You never genocided any monsters. You never polymorphed an object. You never changed form. You used no wishes. You never split a pudding. You wrote Elbereth's name 1 time, starting on turn 5031. You violated your moral code, losing 50 points of alignment, starting on turn 2239. Dungeon overview: The Dungeons of Doom: levels 1 to 3 Level 1 a fountain a long staircase Level 2 a fountain Level 3 stairs to The Gnomish Mines The Gnomish Mines: levels 4 to 11 Level 4 stairs to The Dungeons of Doom Level 5 Level 6 <- You were here many shops, a temple to Raijin, some fountains, a sink Level 7 Level 8 Level 9 Level 10 Level 11 History has recorded: On T:1 you entered the Dungeons of Doom to retrieve the Amulet of Yendor! On T:444 you reached level 2 of The Dungeons of Doom. On T:592 you advanced to experience level 2. On T:704 you reached level 3 of The Dungeons of Doom. On T:932 you reached level 1 of The Gnomish Mines. On T:936 you advanced to experience level 3. On T:1055 you advanced to experience level 4. On T:1256 you reached level 2 of The Gnomish Mines. On T:1265 you advanced to experience level 5. On T:1542 you reached level 3 of The Gnomish Mines. On T:1817 you advanced to experience level 6. On T:2399 you reached level 4 of The Gnomish Mines. On T:2811 you reached level 5 of The Gnomish Mines. On T:2959 you advanced to experience level 7. On T:3672 you reached level 6 of The Gnomish Mines. On T:4730 you reached level 7 of The Gnomish Mines. On T:4804 you reached level 8 of The Gnomish Mines. Score breakdown: Gold: 135 ( 7257 points) Experience: 7 levels (13645 points) Exploration: 11 levels ( 21.15%) (13284 points) Discoveries: 9 items ( 3.60%) ( 5692 points) Valuables value: (no points given unless you survive) Artifact value: 0 ( 0 points) Variety of kills: 47 monsters ( 12.37%) (10550 points) Turncount: 5599 turns (-1521 points) Survival: died (score multiplied by 80%) Total score: 39125 Latest messages: You are not wearing that. As you read the scroll, it disappears. Your katana glows blue for a moment. You miss the watch captain. As you read the scroll, it disappears. This is a summoning scroll. Where would you like to summon the monster? The watch captain swings her long sword at you. The watch captain hits! The watch captain swings her long sword at you. The watch captain hits! Please move the cursor to an unknown object. Never mind. This scroll seems to be blank. They must be 4 uncursed scrolls of blank paper. The watch captain swings her long sword at you. The watch captain hits! The watch captain swings her long sword at you. The watch captain hits! You die... Final status: Sayonara Hoshi the Samurai, killed by a watch captain... You died in The Gnomish Mines on dungeon level 6 with 39125 points, and 135 pieces of gold, after 5599 moves. You were level 7 with a maximum of 87 hit points when you died.